 Dungeon Crawl Stone Soup version 0.28.0 (webtiles) character file.

Game seed: 9759042016972609289

3235 horus123 the Destroyer (level 9, -11/54 HPs)
             Began as a Deep Elf Conjurer on Feb 13, 2022.
             Was an Initiate of Makhleb.
             Shot with an arrow by a centaur warrior (20 damage)
             ... on level 9 of the Dungeon.
             The game lasted 00:18:04 (11012 turns).

horus123 the Destroyer (Deep Elf Conjurer)         Turns: 11012, Time: 00:18:05

Health: -11/54     AC:  8    Str:  6    XL:     9   Next: 66%
Magic:  16/18      EV: 13    Int: 32    God:    Makhleb [......]
Gold:   96         SH:  0    Dex: 17    Spells: 7/18 levels left

rFire   . . .      SeeInvis .   j - +5 mace "Qoashoap" {elec, Dex+4}
rCold   . . .      Faith    .   (no shield)
rNeg    . . .      Spirit   .   a - +0 robe
rPois   .          Reflect  .   e - +2 helmet
rElec   .          Harm     .   h - +0 cloak
rCorr   .          Rampage  .   x - +0 pair of gloves
Will    .....                   m - +0 pair of boots
Stlth   ++........              (no amulet)
HPRegen 0.18/turn               s - +6 ring of intelligence
MPRegen 0.16/turn               (no ring)

@: no status effects
A: no striking features
a: Renounce Religion


You were on level 9 of the Dungeon.
You worshipped Makhleb.
Makhleb was noncommittal.
You visited 2 branches of the dungeon, and saw 10 of its levels.

You collected 349 gold pieces.
You spent 253 gold pieces at shops.

Inventory:

Hand Weapons
 j - the +5 mace "Qoashoap" (weapon) {elec, Dex+4}
   (You found it on level 3 of the Dungeon)

   It occasionally discharges a powerful burst of electricity upon striking a
   foe.
   Dex:       It affects your dexterity (+4).
 y - the +11 great mace "Iviamem" {speed, Str-4 Int+5 Dex+3}
   (You bought it in a shop on level 1 of the Dungeon)

   Attacks with this weapon are significantly faster.
   Str:       It affects your strength (-4).
   Int:       It affects your intelligence (+5).
   Dex:       It affects your dexterity (+3).
Missiles
 p - a throwing net
Armour
 a - a +0 robe (worn)
 e - a +2 helmet (worn)
 h - a +0 cloak (worn)
 m - a +0 pair of boots (worn)
 x - a +0 pair of gloves (worn)
Magical Staves
 b - a staff of conjuration
Jewellery
 i - an amulet of the acrobat
 l - a ring of ice
 s - a +6 ring of intelligence (left hand)
Wands
 c - a wand of flame (67)
 k - a wand of digging (10)
 t - a wand of charming (14)
Scrolls
 d - a scroll of noise
 f - 2 scrolls of teleportation
 o - a scroll of fog
Potions
 g - 2 potions of cancellation
 n - a potion of brilliance
 r - a potion of flight
 u - a potion of mutation
 v - a potion of curing
 w - a potion of might
 z - a potion of attraction {unknown}


   Skills:
 - Level 5.2 Fighting
 - Level 6.2 Maces & Flails
 - Level 2.4 Dodging
 - Level 2.4 Stealth
 + Level 5.2 Spellcasting
 - Level 8.8 Conjurations
 - Level 5.2 Hexes


You had 7 spell levels left.
You knew the following spells:

 Your Spells              Type           Power      Damage    Failure   Level
a - Magic Dart            Conj           100%       1d8       1%          1
b - Searing Ray           Conj           100%       2d8       1%          2
c - Fulminant Prism       Conj/Hex       26%        3d14      2%          4
d - Iskenderun's Mystic   Conj/Tloc      36%        2d9       9%          4

Your spell library contained the following spells:

 Spells                   Type           Power      Damage    Failure   Level
 Dazzling Flash           Conj/Hex       100%       N/A       1%          3
 Animate Skeleton         Necr           16%        N/A       4%          1
 Apportation              Tloc           16%        N/A       4%          1
 Summon Small Mammal      Summ           32%        N/A       4%          1


Dungeon Overview and Level Annotations

Branches:
Dungeon (9/15)             Temple (1/1) D:6
   Lair: D:8-11         Orc: D:9-12

Altars:
Ashenzari
Cheibriados
Dithmenos
Elyvilon
Fedhas
Gozag
Hepliaklqana
Kikubaaqudgha
Makhleb
Nemelex Xobeh
Qazlal
Ru
Sif Muna
Trog
Uskayaw
Vehumet
Wu Jian
Xom
Yredelemnul
Zin
The Shining One

Shops:
D:1 (   D:5 =   D:9 :

Annotations:
D:7 Harold
D:8 6 transporters


Message History

The killer bee barely misses you. The killer bee closely misses you.
The searing ray misses the killer bee.
You finish channelling your searing ray.
The killer bee closely misses you.
The killer bee stings you but does no damage.
Casting: Searing Ray (safe; 1% risk of failure)
Confirm with . or Enter, or press ? or * to list all spells.
Aiming: Searing Ray (safe; 1% risk of failure)
Press: ? - help, Shift-Dir - straight line, f/p - killer bee
Aim: a killer bee (heavily wounded, 65% to hit)
The searing ray hits the killer bee!
You kill the killer bee!
Makhleb accepts your kill. (Press . to maintain the ray.)
You start resting.
Magic restored.
You see here a killer bee corpse.
Found a stone staircase leading down.
A centaur warrior comes into view.
Found 11 gold pieces.
The centaur warrior shouts!
The centaur warrior wields a +0 shortbow.
The centaur warrior shoots an arrow.
The arrow hits you!!
Casting: Searing Ray (safe; 1% risk of failure)
Confirm with . or Enter, or press ? or * to list all spells.
Okay, then.
The centaur warrior shoots an arrow.
The arrow barely misses you.
The centaur warrior shoots an arrow.
The arrow hits you!
The centaur warrior shoots an arrow.
The arrow hits you!
* * * LOW HITPOINT WARNING * * *
Casting: Searing Ray (safe; 1% risk of failure)
Confirm with . or Enter, or press ? or * to list all spells.
Aiming: Searing Ray (safe; 1% risk of failure)
Press: ? - help, Shift-Dir - straight line, f - centaur warrior
Aim: a centaur warrior, wielding a +0 shortbow and quivering arrows (87% to hit)
The searing ray hits the centaur warrior!
The centaur warrior is lightly wounded. (Press . to maintain the ray.)
The centaur warrior shoots an arrow.
The arrow hits you!!
You die...

#..# #...............
#..# #...#.####..##.#
#..# #...#.# #..##.#
#..# #..##.# #..##.#
#..# #..##.# #..##.#
#..# #.....# #..##.#
#..# #..#..####..##.#
#..######c........<.##.#
#......@...# #(###.#
#.#######..#
#†######...#
#..........#
#.######........ #.#
##.##.### #.# #.# .# #<#
#.. . #.# #... ..


You could see a centaur warrior.

Vanquished Creatures
  3 vampire mosquitoes (D:8)
  Menkaure (D:7)
  5 water moccasins
  Duvessa (D:7)
  An ice beast (D:7)
  2 necrophages
  4 centaurs
  A phantom (D:4)
  4 bullfrogs
  2 scorpions (D:5)
  A water moccasin skeleton (D:5)
  Dowan (D:7)
  A killer bee (D:9)
  3 wights (D:7)
  A howler monkey (D:8)
  A centaur zombie (D:8)
  3 orc priests
  2 hounds
  A jelly (D:8)
  Crazy Yiuf (D:3)
  7 iguanas
  Ijyb (D:4)
  Terence (D:2)
  3 orc wizards
  A howler monkey zombie (D:9)
  4 gnolls
  5 adders
  A white imp (D:6)
  4 worms
  4 dart slugs
  16 orcs
  5 bats (D:1)
  5 endoplasms
  A giant cockroach (D:1)
  9 goblins
  6 hobgoblins
  5 quokkas
  6 ball pythons
  2 frilled lizards
  10 kobolds
  10 rats
  A spectral goblin (D:4)
146 creatures vanquished.

Vanquished Creatures (others)
  2 plants (D:1)
2 creatures vanquished.

Grand Total: 148 creatures vanquished

Notes
Turn   | Place    | Note
-------+----------+-------------------------------------------
     0 | D:1      | horus123 the Deep Elf Conjurer began the quest for the Orb.
     0 | D:1      | Reached XP level 1. HP: 10/10 MP: 6/6
   184 | D:1      | Reached XP level 2. HP: 15/15 MP: 0/9
   617 | D:1      | Reached skill level 5 in Spellcasting
   617 | D:1      | Reached XP level 3. HP: 15/19 MP: 6/11
   620 | D:1      | Learned a level 2 spell: Searing Ray
   880 | D:1      | Found Qeenaol's Antique Weapon Shop.
  1411 | D:2      | Noticed Terence
  1420 | D:2      | Killed Terence
  1421 | D:2      | Reached skill level 5 in Conjurations
  1421 | D:2      | Reached XP level 4. HP: 16/24 MP: 2/13
  2401 | D:3      | Found a faded altar of an unknown god.
  3203 | D:3      | Found a runed translucent door.
  3204 | D:3      | Noticed Crazy Yiuf
  3210 | D:3      | Killed Crazy Yiuf
  3211 | D:3      | Reached skill level 6 in Conjurations
  3211 | D:3      | Reached XP level 5. HP: 17/28 MP: 9/14
  3217 | D:3      | Identified the +5 mace "Qoashoap" {elec, Dex+4}
  3413 | D:4      | Noticed Ijyb
  3419 | D:4      | Killed Ijyb
  3644 | D:4      | Noticed a phantom
  3649 | D:4      | Killed a phantom
  3650 | D:4      | Reached skill level 7 in Conjurations
  3650 | D:4      | Reached XP level 6. HP: 32/32 MP: 8/15
  4034 | D:4      | Reached skill level 8 in Conjurations
  4617 | D:4      | Found a hazy altar of Hepliaklqana.
  4792 | D:5      | Entered Level 5 of the Dungeon
  4793 | D:5      | Noticed a water moccasin
  4798 | D:5      | Killed a water moccasin
  4799 | D:5      | Reached XP level 7. HP: 36/36 MP: 9/16
  4942 | D:5      | Reached skill level 1 in Fighting
  5023 | D:5      | Found Exkaq's Jewellery Shop.
  5767 | D:6      | Reached skill level 1 in Maces & Flails
  5767 | D:6      | Reached XP level 8. HP: 18/48 MP: 10/17
  6481 | D:6      | Found a staircase to the Ecumenical Temple.
  6502 | Temple   | Entered the Ecumenical Temple
  6744 | Temple   | Became a worshipper of Makhleb the Destroyer
  7156 | D:7      | Noticed Duvessa
  7159 | D:7      | Noticed Dowan
  7166 | D:7      | Killed Duvessa
  7168 | D:7      | Killed Dowan
  7736 | D:7      | Reached skill level 5 in Maces & Flails
  7850 | D:7      | Noticed Menkaure
  7854 | D:7      | Killed Menkaure
  7930 | D:7      | Reached XP level 9. HP: 48/52 MP: 10/18
  8240 | D:7      | Identified the +7 flail "Nimoek" {venom, rElec Str-4 SInv
                  | Stlth+}
  8433 | D:7      | Learned a level 4 spell: Fulminant Prism
  8721 | D:8      | Noticed Harold
  8800 | D:7      | Reached skill level 1 in Hexes
  8988 | D:8      | Found a transporter.
  8989 | D:8      | Found a transporter.
  9017 | D:8      | Found a transporter.
  9022 | D:8      | Found a transporter.
  9122 | D:8      | Reached skill level 5 in Hexes
  9283 | D:8      | Found a transporter.
  9289 | D:8      | Found a transporter.
  9914 | D:1      | Bought a glimmering great mace for 253 gold pieces
  9914 | D:1      | Identified the +11 great mace "Iviamem" {speed, Str-4 Int+5
                  | Dex+3} (You bought it in a shop on level 1 of the Dungeon)
 10812 | D:9      | Reached skill level 5 in Fighting
 10872 | D:9      | Found Tadoq's Book Emporium.
 10886 | D:9      | Learned a level 4 spell: Iskenderun's Mystic Blast
 11006 | D:9      | Noticed a centaur warrior
 11012 | D:9      | Shot with an arrow by a centaur warrior

Illustrated notes

Levels and vault maps discovered:
D:1:      heliophobic_arrival_dark_side_of_the_moon, layout_loops_ring,
          serial_forest, infiniplex_forest_zigzag_1, infiniplex_forest_fountain,
          infiniplex_forest_lined_room_2, infiniplex_forest_clump_long,
          infiniplex_forest_straight_4, infiniplex_forest_lined_2,
          infiniplex_forest_straight_2, serial_shops,
          nicolae_shop_competitors_out_of_business
D:2:      layout_basic, uniq_terence
D:3:      layout_basic, hellmonk_ecumenical_altar_pennies_from_heaven,
          minivault_23, uniq_crazy_yiuf_cottage
D:4:      layout_loops_ring, nicolae_hepliaklqana_monster_ancestors,
          minivault_14, kennysheep_generic_room_15, uniq_ijyb
D:5:      layout_rooms, serial_shops, shop_statue
D:6:      layout_loops_corners, minmay_temple_entry_statues_fountains
D:7:      layout_loops_ring, lightli_orcish_oven, uniq_menkaure, uniq_duvessa
D:8:      layout_gridville, serial_nicolae_subway, nicolae_sub_station_metal,
          nicolae_sub_station_crystal, nicolae_sub_station_stone, uniq_harold
D:9:      layout_loops_ring, minmay_lair_entry_grove, serial_shops,
          shop_fountains, uniq_gastronok
Temple:   mainiacjoe_temple_circle_huts

Skill      XL: |  1  2  3  4  5  6  7  8  9 |
---------------+----------------------------+-----
Spellcasting   | 4 5 |  5.2
Conjurations   | 5 6 7 8 |  8.8
Fighting       | 4 5 |  5.2
Maces & Flails | 1 5 6 |  6.2
Hexes          | 5 |  5.2
Dodging        | |  2.4
Stealth        | |  2.4

Action                   |  1- 3 |  4- 6 |  7- 9 || total
-------------------------+-------+-------+-------++-------
Melee: Unarmed           |     1 |       |       ||     1
       Mace              |       |     2 |     8 ||    10
       Punch             |       |       |     1 ||     1
 Cast: Magic Dart        |    75 |   121 |   130 ||   326
       Searing Ray       |     1 |     7 |    42 ||    50
  Use: Scroll            |     2 |     6 |     8 ||    16
       Potion            |       |       |     2 ||     2
Armor: Robe              |    10 |     4 |    39 ||    53
Dodge: Dodged            |    26 |    11 |    95 ||   132
